 Dungeon Crawl Stone Soup version 0.27.1-33-g824d729ab1 (webtiles) character file.

Game seed: 16581659671049400777

130 jlumianski the Covered (level 5, 0/33 HPs)
             Began as a Gargoyle Fighter on Dec 5, 2021.
             Slain by a crimson imp (2 damage)
             ... summoned by Natasha
             ... on level 2 of the Dungeon.
             The game lasted 00:06:21 (1921 turns).

jlumianski the Covered (Gargoyle Fighter)           Turns: 1921, Time: 00:06:22

Health: 0/33       AC: 13    Str: 20    XL:     5   Next: 14%
Magic:  5/5        EV:  5    Int:  9    God:
Gold:   25         SH:  9    Dex:  9    Spells: 4/4 levels left

rFire    . . .     SeeInvis .   a - +0 war axe
rCold    . . .     Faith    .   c - +0 kite shield
rNeg     + . .     Spirit   .   m - +0 chain mail
rPois    ∞         Reflect  .   (no helmet)
rElec    +         Harm     .   (no cloak)
rCorr    .         Rampage  .   (no gloves)
Will     .....                  (no boots)
Stlth    ..........             (no amulet)
HPRegen  0.11/turn              (no ring)
MPRegen  0.09/turn              (no ring)

@: no status effects
A: sickness immunity, AC +4, negative energy resistance 1, electricity
resistance, torment resistance 1, petrification resistance
a: no special abilities


You were on level 2 of the Dungeon.
You visited 1 branch of the dungeon, and saw 3 of its levels.

You collected 25 gold pieces.

Inventory:

Hand Weapons
 a - a +0 war axe (weapon)
Missiles
 g - 4 stones (quivered)
Armour
 b - a +0 scale mail
 c - a +0 kite shield (worn)
 j - a +0 buckler
 m - a +0 chain mail (worn)
Wands
 i - a wand of digging (4)
Scrolls
 e - 2 scrolls of identify {unknown}
 f - a scroll of summoning {unknown}
 l - a scroll of vulnerability {unknown}
Potions
 d - a potion of might
 h - a potion of lignification {unknown}
 k - a potion of invisibility {unknown}


   Skills:
 + Level 3.7 Fighting
 + Level 3.0 Axes
 + Level 4.0 Armour
 + Level 1.5 Dodging
 + Level 3.8 Shields


You had 4 spell levels left.
You didn't know any spells.
Your spell library was empty.

Dungeon Overview and Level Annotations

Branches:
Dungeon (3/15)

Altars:

Annotations:
D:2 Natasha


Innate Abilities, Weirdness & Mutations

You are immune to sickness and miasma.
Your stone body is resilient. (AC +4)
You are immune to poison.
You resist negative energy. (rN+)
You are resistant to electric shocks. (rElec)
You are resistant to unholy torment.
You are immune to petrification.


Message History

You block the orc wizard's attack.
You closely miss the orc wizard.
The orc wizard gestures at you while chanting.
The puff of flame hits you but does no damage.
The orc wizard barely misses you.
You barely miss the orc wizard. You block the orc wizard's attack.
You completely miss the orc wizard.
The orc wizard hits you but does no damage.
The orc wizard gestures at you while chanting.
You resist with some effort.
You barely miss the orc wizard. The orc wizard closely misses you.
You hit the orc wizard.
The orc wizard is heavily wounded.
The orc wizard casts a spell at you.
The magic dart hits you but does no damage.
The orc wizard hits you but does no damage.
You slash the orc wizard!
You kill the orc wizard!
Your Dodging skill increases to level 1!
You have reached level 5!
Things that are here:
a +0 dagger; a +0 robe; an orc corpse You start resting.
Natasha, Servant of Life and Death comes into view.
You see here a +0 club.
Natasha stares at you and mumbles some strange words.
The magic dart hits you!
There is a stone staircase leading up here.
You completely miss Natasha.
Natasha casts a spell.
Natasha howls an incantation.
You feel troubled. Natasha claws you.
* * * LOW HITPOINT WARNING * * *
You closely miss Natasha.
Natasha extends her claws.
Natasha claws you.
* * * LOW HITPOINT WARNING * * *
The crimson imp hits you.
You die...

########## ###
###########.#......... ..##
#....<......#.######## ..#
#.###@#..####.# #.# ####
#.5h#..# #.#
###.###....#.#.#.#..####.#####
................))..........>#
####.#####.#.###.##.##########
#..# #.............# ##.##
#####.##.####.# #..#
#.#####)..)...#.#
##.###.......#.....#.# ##


You could see Natasha and a crimson imp (summoned).

Vanquished Creatures
  2 orc priests
  An orc wizard (D:2)
  An adder (D:2)
  3 dart slugs
  An orc (D:1)
  2 ball pythons
  2 bats (D:1)
  2 endoplasms (D:2)
  2 giant cockroaches
  3 goblins
  3 jackals (D:1)
  A quokka (D:2)
  4 frilled lizards
  5 kobolds
  4 rats (D:1)
36 creatures vanquished.

Notes
Turn   | Place    | Note
-------+----------+-------------------------------------------
     0 | D:1      | jlumianski the Gargoyle Fighter began the quest for the
                  | Orb.
     0 | D:1      | Reached XP level 1. HP: 14/14 MP: 1/1
   248 | D:1      | Reached XP level 2. HP: 19/19 MP: 2/2
   672 | D:1      | Reached XP level 3. HP: 21/23 MP: 3/3
  1522 | D:1      | Reached XP level 4. HP: 17/29 MP: 4/4
  1785 | D:2      | Reached skill level 4 in Armour
  1810 | D:2      | Reached skill level 1 in Dodging
  1810 | D:2      | Reached XP level 5. HP: 8/33 MP: 5/5
  1908 | D:2      | Noticed Natasha
  1921 | D:2      | Slain by a crimson imp

Illustrated notes

Levels and vault maps discovered:
D:1:      psy_arrival_dodecagon, layout_basic, dk_noncrumbling_3,
          amcnicky_mini_rare_corridor_liquid
D:2:      layout_basic, uniq_natasha
D:3:      layout_rooms, mainiacjoe_overflow_brackets, amcnicky_altar_gilded,
          mainiacjoe_overflow_chevrons, mainiacjoe_overflow_surrounded_room,
          uniq_terence

Skill      XL: |  1  2  3  4 |
---------------+-------------+-----
Axes           | 2 3 |  3.0
Armour         | 4 |  4.0
Dodging        | 1 |  1.5
Fighting       | |  3.7
Shields        | |  3.8

Action                   |  1- 3 |  4- 6 || total
-------------------------+-------+-------++-------
Melee: War axe           |   148 |    18 ||   166
Throw: Stone             |    17 |       ||    17
Armor: Scale mail        |    98 |     3 ||   101
       Chain mail        |       |     5 ||     5
Dodge: Dodged            |    54 |     5 ||    59
Block: Kite shield       |    92 |     5 ||    97
